 Dungeon Crawl Stone Soup version 0.27-a0-802-gbe893936b8 (webtiles) character file.

Game seed: 10822636463208790843

68777 Johnny the Impaler (level 14, 0/130 HPs)
             Began as a Demigod Gladiator on Mar 28, 2021.
             Slain by an orc warrior
             ... wielding a +0 trident
              (9 damage)
             ... while paralysed by an orc sorcerer
             ... on level 1 of the Orcish Mines.
             The game lasted 00:35:33 (35736 turns).

Johnny the Impaler (Demigod Gladiator)             Turns: 35736, Time: 00:35:34

Health: 0/130      AC: 16    Str: 31    XL:     14   Next: 47%
Magic:  0/35       EV:  2    Int: 10    God:
Gold:   2094       SH:  0    Dex: 18    Spells: 13/13 levels left

rFire    . . .     SeeInvis .   M - +0 halberd (vamp)
rCold    . . .     Faith    .   (shield currently unavailable)
rNeg     . . .     Spirit   +   x - +2 ring mail of the Ward {rElec MP+9}
rPois    .         Reflect  .   D - +2 helmet
rElec    +         Harm     .   w - +1 cloak
rCorr    .         Rampage  .   j - +2 pair of gloves {Dex+3}
Will     +....                  i - +0 pair of boots
Stlth    +.........             o - amulet of guardian spirit
HPRegen  0.31/turn              g - ring of magical power
MPRegen  0.24/turn              y - +4 ring of evasion

@: paralysed, hasted, studying Slings
A: high mp 1, forlorn
a: no special abilities


You were on level 1 of the Orcish Mines.
You visited 3 branches of the dungeon, and saw 21 of its levels.

You collected 2254 gold pieces.
You spent 160 gold pieces at shops.

Inventory:

Hand Weapons
 c - a +1 vorpal trident
 L - a +2 vampiric trident
 M - a +0 vampiric halberd (weapon)
 O - a +0 vorpal halberd
Armour
 i - a +0 pair of boots (worn)
 j - a +2 pair of gloves of dexterity (worn)
 w - a +1 cloak (worn)
 x - the +2 ring mail of the Ward (worn) {rElec MP+9}
   (You found it on level 5 of the Dungeon)

   It insulates you from electricity.
   It affects your magic capacity (+9).
 D - a +2 helmet (worn)
 U - the +0 plate armour of Olated {Harm *Corrode rElec Dex+5}
   (You found it on level 6 of the Lair of Beasts)

   It affects your dexterity (+5).
   It insulates you from electricity.
   It may corrode you when you take damage.
   It increases damage dealt and taken.
Jewellery
 g - a ring of magical power (left hand)
 m - an amulet of the acrobat
 o - an amulet of guardian spirit (around neck)
 q - a ring of protection from cold
 t - an amulet of regeneration
 y - a +4 ring of evasion (right hand)
 E - a ring of positive energy
 I - a ring of ice
 V - a +6 ring of dexterity
Wands
 N - a wand of polymorph (18)
 P - a wand of mindburst (5)
 R - a wand of random effects (19)
 S - a wand of iceblast (1)
Scrolls
 f - 4 scrolls of fog
 h - 2 scrolls of silence
 k - a scroll of vulnerability
 l - a scroll of holy word
 n - a scroll of blinking
 r - 4 scrolls of enchant armour
 u - a scroll of torment
 F - 4 scrolls of immolation
 G - 4 scrolls of magic mapping
 Q - 4 scrolls of amnesia
 W - 2 scrolls of identify
Potions
 b - 2 potions of cancellation
 d - a potion of flight {unknown}
 e - 3 potions of resistance
 s - 2 potions of attraction
 v - a potion of mutation
 z - 3 potions of haste
 A - a potion of might
 C - 5 potions of brilliance
 J - 2 potions of heal wounds
 K - 4 potions of degeneration {unknown}
 T - a potion of lignification {unknown}
Miscellaneous
 a - a box of beasts (inert)
 B - a condenser vane (inert)
 H - a phial of floods


   Skills:
 + Level 13.9 Fighting
 * Level 18.7 Polearms
 - Level 1.7 Throwing
 - Level 2.6 Dodging


You had 13 spell levels left.
You didn't know any spells.
Your spell library contained the following spells:

 Spells                   Type           Power      Damage    Failure   Level
 Animate Skeleton         Necr           0%         N/A       47%         1
 Apportation              Tloc           0%         N/A       47%         1
 Foxfire                  Conj/Fire      0%         2x1d4     47%         1
 Magic Dart               Conj           0%         1d3       47%         1
 Pain                     Necr           0%         1d4       47%         1
 Summon Small Mammal      Summ           0%         N/A       47%         1
 Blink                    Tloc           N/A        N/A       63%         2
 Call Imp                 Summ           0%         N/A       63%         2
 Slow                     Hex            0%         N/A       63%         2
 Call Canine Familiar     Summ           0%         N/A       85%         3
 Confusing Touch          Hex            0%         N/A       85%         3
 Conjure Flame            Conj/Fire      0%         6-21      85%         3
 Gell's Gravitas          Tloc           0%         N/A       85%         3
 Inner Flame              Hex/Fire       0%         N/A       85%         3
 Lesser Beckoning         Tloc           0%         N/A       85%         3
 Mephitic Cloud           Conj/Pois/Air  0%         N/A       85%         3
 Stone Arrow              Conj/Erth      0%         3d7       85%         3
 Summon Guardian Golem    Hex/Summ       0%         N/A       85%         3
 Tukima's Dance           Hex            0%         N/A       85%         3
 Vampiric Draining        Necr           0%         2d6       85%         3
 Animate Dead             Necr           0%         N/A       99%         4
 Iskenderun's Mystic Bla  Conj/Tloc      0%         2d3       99%         4
 Petrify                  Tmut/Erth      0%         N/A       99%         4
 Sticky Flame             Conj/Fire      0%         2d3       99%         4
 Summon Ice Beast         Ice/Summ       0%         N/A       99%         4
 Summon Lightning Spire   Summ/Air       0%         N/A       99%         4
 Agony                    Necr           0%         N/A       100%        5
 Alistair's Intoxication  Tmut/Pois      0%         N/A       100%        5
 Fireball                 Conj/Fire      0%         3d3       100%        5
 Lee's Rapid Deconstruct  Erth           0%         3d5*      100%        5
 Metabolic Englaciation   Hex/Ice        0%         N/A       100%        5
 Yara's Violent Unravell  Hex/Tmut       0%         3d3       100%        5
 Invisibility             Hex            0%         N/A       100%        6
 Starburst                Conj/Fire      0%         8x6d3     100%        6


Dungeon Overview and Level Annotations

Branches:
Dungeon (13/15)            Temple (0/1) D:6            Lair (6/6) D:8
 Shoals (0/4) Lair:4        Snake (0/4) Lair:3        Slime (0/5) Lair:5
    Orc (2/2) D:11            Elf (0/3) Orc:2
 Vaults: D:13-14

Shops:
D:6 *   D:11 (   Orc:1 :?[   Orc:2 :

Annotations:
D:6 2 transporters, Bapho's ghost, novice DECj
D:7 1 runed translucent door
D:12 2 runed translucent doors, exclusion: orange crystal statue


Innate Abilities, Weirdness & Mutations

Your attributes grow dramatically as you level up.
You have an increased reservoir of magic. (+10% MP)
You shall have no god before yourself.


Message History

Aim: an orc sorcerer, wielding a +0 dagger and wearing a +0 robe (heavily wounded, about 35% to evade your +0 vampiric halberd)
You hit the orc sorcerer but do no damage.
The orc sorcerer is heavily wounded.
The orc no longer looks unusually strong.
The orc warrior barely misses you.
The orc warrior hits you with a +0 flail.
Reach: M) +0 halberd (vamp)
Press: ? - help, Dir - move target, f/p - orc sorcerer
Aim: an orc sorcerer, wielding a +0 dagger and wearing a +0 robe (heavily wounded, about 35% to evade your +0 vampiric halberd)
You closely miss the orc sorcerer.
The orc sorcerer is heavily wounded.
The orc priest calls upon Beogh to heal the orc sorcerer.
The orc sorcerer is healed somewhat.
The orc sorcerer casts a spell at you.
You suddenly lose the ability to move!
The orc hits you but does no damage.
The orc warrior hits you from afar with a +0 trident!!
The orc warrior hits you with a +0 flail.
An orc wizard comes into view. It is wielding a +1 dagger of draining.
The orc sorcerer casts a spell.
The orc hits you but does no damage.
The orc warrior hits you from afar with a +0 trident!!
* * * LOW HITPOINT WARNING * * *
The orc warrior hits you with a +0 flail.
* * * LOW HITPOINT WARNING * * *
The orc priest hits you but does no damage.
The orc sorcerer hits you but does no damage.
The orc hits you but does no damage.
The orc warrior hits you from afar with a +0 trident!
* * * LOW HITPOINT WARNING * * *
The orc warrior hits you with a +0 flail!
* * * LOW HITPOINT WARNING * * *
The orc priest begins to cast a cantrip, but forgets the words!
An ogre comes into view. It is wielding a +0 giant club.
The orc sorcerer points at you and mumbles some strange words.
You shrug off the repeated paralysis!
The orc hits you with a +0 short sword.
* * * LOW HITPOINT WARNING * * *
The ogre shouts!
The orc no longer looks unusually strong. x4
The orc warrior hits you from afar with a +0 trident!
You die...

∩.#........###
.....#..#....##
........##....#
........$....##
...o....ooo...#
...o.####oo..##
oo∩......oh###
O
.......ooo####
.....o.Ooo@..#
........ooo3..#
...O....o#...##
......###....#
...... #..##
..... .##. .. .
.. . ..


You could see a ynoxinul (summoned), a warg, an orc sorcerer, 3 orc warriors, 2
ogres, an orc priest, an orc wizard (strong) and 9 orcs.

Vanquished Creatures
  Gastronok (Lair:2)
  A dire elephant (Lair:6)
  Fannar (D:12)
  A boulder beetle (D:11)
  Erolcha (D:9)
  11 hydras
  4 catoblepae
  Erica (D:11)
  3 two-headed ogres
  2 death yaks (Lair:6)
  Sonja (D:12)
  3 lindwurms
  An orc knight (D:12)
  Pikel (D:8)
  3 deep elf pyromancers
  5 manticores
  A cyclops (D:12)
  12 elephants
  4 merfolk sirens (Lair:4)
  6 black mambas
  5 gargoyles (D:10)
  6 cane toads
  5 rime drakes
  An unseen horror (D:12)
  A kobold demonologist (D:12)
  10 komodo dragons
  2 trolls
  12 polar bears
  A hornet (D:7)
  3 slime creatures (D:12)
  14 blink frogs
  6 raiju (Lair:6)
  7 dream sheep (Lair:6)
  A vampire (D:9)
  2 wraiths (D:12)
  7 wyverns
  27 yaks
  3 basilisks
  A human (D:13)
  5 wargs
  3 acid dragons
  4 nagas (Lair:3)
  10 water moccasins
  10 hell hounds (Lair:6)
  13 black bears
  2 ice beasts
  A hornet zombie (D:6)
  16 orc warriors
  A boggart (D:12)
  22 wolves
  3 ogres
  A phantom (D:6)
  4 centaurs
  3 kobold brigands
  Blork the orc (D:4)
  12 bullfrogs
  3 scorpions
  A water moccasin skeleton (D:5)
  8 killer bees
  3 wights (D:8)
  2 howler monkeys (D:5)
  An electric eel (Lair:1)
  4 centaur zombies
  5 hounds
  4 jellies
  12 orc priests
  Crazy Yiuf (D:3)
  5 hell rats (Lair:4)
  2 iguanas
  22 orc wizards
  A killer bee zombie (D:6)
  2 howler monkey zombies
  9 adders
  3 gnolls (D:4)
  2 shadow imps
  2 white imps
  3 worms (D:2)
  A dart slug (D:2)
  68 orcs
  4 bats
  17 endoplasms
  2 giant cockroaches
  2 goblins
  6 hobgoblins
  9 jackals
  4 quokkas
  5 ball pythons
  3 frilled lizards (D:3)
  24 kobolds
  10 rats
538 creatures vanquished.

Vanquished Creatures (collateral kills)
  A dire elephant (Lair:2)
  A death yak (Lair:6)
  A rime drake (Lair:6)
  A wyvern (Lair:2)
  An orc wizard (D:6)
5 creatures vanquished.

Vanquished Creatures (others)
  An elephant (Lair:6)
  An unseen horror (D:5)
  A vampire (D:12)
  A human (D:13)
  A hell hound (Lair:6)
  An orc warrior (D:6)
  A howler monkey (D:7)
  An orc wizard (D:12)
  2 orcs
  27 fungi
  47 plants
  16 toadstools
100 creatures vanquished.

Grand Total: 643 creatures vanquished

Notes
Turn   | Place    | Note
-------+----------+-------------------------------------------
     0 | D:1      | Johnny the Demigod Gladiator began the quest for the Orb.
     0 | D:1      | Reached XP level 1. HP: 17/17 MP: 3/3
   313 | D:1      | Reached skill level 3 in Polearms
   550 | D:1      | Reached XP level 2. HP: 24/24 MP: 4/4
  1274 | D:2      | Reached XP level 3. HP: 30/30 MP: 5/5
  1830 | D:2      | Reached skill level 4 in Polearms
  2227 | D:3      | Reached XP level 4. HP: 37/37 MP: 6/6
  2909 | D:3      | Found a runed translucent door.
  2910 | D:3      | Noticed Crazy Yiuf
  3195 | D:4      | Reached XP level 5. HP: 17/45 MP: 7/7
  3599 | D:4      | Reached skill level 5 in Polearms
  4069 | D:4      | Reached XP level 6. HP: 36/52 MP: 8/8
  4380 | D:4      | Noticed Blork the orc
  4397 | D:4      | Killed Blork the orc
  4722 | D:5      | Entered Level 5 of the Dungeon
  4950 | D:3      | Killed Crazy Yiuf
  4951 | D:3      | Reached skill level 6 in Polearms
  5038 | D:5      | Reached XP level 7. HP: 19/60 MP: 9/9
  5630 | D:5      | Identified the +2 ring mail of the Ward {rElec MP+9}
  5754 | D:5      | Reached skill level 7 in Polearms
  6020 | D:6      | Reached skill level 5 in Fighting
  6368 | D:6      | Reached XP level 8. HP: 64/69 MP: 10/10
  6402 | D:6      | Reached skill level 8 in Polearms
  6450 | D:6      | Noticed Bapho's ghost (novice DECj)
  6453 | D:6      | Found a transporter.
  6458 | D:6      | Noticed a centaur warrior
  6524 | D:6      | Found a transporter.
  7295 | D:6      | Found Berphagg's Assorted Antiques.
  7606 | D:6      | Bought a dented citrine amulet for 160 gold pieces
  7720 | D:7      | Noticed a hornet
  8052 | D:7      | Found a runed translucent door.
  8053 | D:7      | Noticed a sixfirhy
  8234 | D:7      | Reached skill level 9 in Polearms
  8976 | D:8      | Noticed Pikel
  8987 | D:8      | Killed Pikel
  8988 | D:8      | Reached XP level 9. HP: 69/78 MP: 11/11
  9142 | D:8      | Found a staircase to the Lair.
  9154 | Lair:1   | Entered Level 1 of the Lair of Beasts
  9183 | Lair:1   | Noticed a six-headed hydra
  9378 | D:7      | Paralysed by a hornet for 1 turns
  9382 | D:7      | Reached skill level 10 in Polearms
  9874 | D:6      | Found a staircase to the Ecumenical Temple.
 10048 | D:5      | Killed an unseen horror
 11196 | D:9      | Noticed a manticore
 11209 | D:9      | Killed a manticore
 11210 | D:9      | Reached skill level 11 in Polearms
 11689 | D:9      | Noticed Erolcha
 11721 | D:9      | Killed Erolcha
 11722 | D:9      | Reached XP level 10. HP: 63/88 MP: 13/13
 12444 | D:10     | Entered Level 10 of the Dungeon
 12559 | D:10     | Reached skill level 12 in Polearms
 12734 | D:10     | Noticed a two-headed ogre
 12748 | D:10     | Killed a two-headed ogre
 14400 | D:11     | Reached skill level 13 in Polearms
 14457 | D:11     | Noticed a manticore
 14471 | D:11     | HP: 4/91 [manticore (12)]
 14839 | D:11     | Noticed Erica
 14872 | D:11     | Killed Erica
 14873 | D:11     | Reached XP level 11. HP: 43/97 MP: 14/14
 15105 | D:11     | Found a staircase to the Orcish Mines.
 15105 | D:11     | Found Ecumm's Weapon Boutique.
 15553 | D:11     | Noticed a boulder beetle
 15582 | D:11     | Identified a scroll of acquirement
 15582 | D:11     | Acquired 401 gold pieces
 15934 | D:12     | Found a runed translucent door.
 16179 | D:11     | Killed a boulder beetle
 16515 | D:11     | Reached skill level 10 in Fighting
 16786 | D:12     | Noticed Sonja
 16794 | D:12     | Killed Sonja
 17149 | D:12     | Noticed Fannar
 17149 | D:12     | Noticed a two-headed ogre
 17188 | D:13     | Reached skill level 14 in Polearms
 17225 | D:12     | Found the +10 tower shield of Ignorance {rN+ Int-4}
 17246 | D:12     | Noticed a deep elf pyromancer
 17258 | D:12     | Killed a deep elf pyromancer
 17584 | D:12     | Killed a two-headed ogre
 17814 | D:12     | Noticed a seven-headed hydra
 17866 | D:13     | Noticed a deep elf pyromancer
 17879 | D:13     | Killed a deep elf pyromancer
 17986 | D:13     | Noticed a vault guard
 18171 | D:12     | Killed a seven-headed hydra
 18389 | D:12     | Noticed a two-headed ogre
 18401 | D:12     | Killed a two-headed ogre
 18504 | D:12     | Found a runed translucent door.
 18533 | D:12     | Noticed an orange crystal statue
 18642 | D:12     | Killed Fannar
 19343 | D:12     | Noticed a seven-headed hydra
 19353 | D:12     | Killed a seven-headed hydra
 19354 | D:12     | Reached XP level 12. HP: 40/108 MP: 13/15
 19730 | D:12     | Reached skill level 15 in Polearms
 20274 | D:12     | Noticed a boulder beetle
 20274 | D:12     | Noticed a boulder beetle
 20297 | D:12     | Noticed a death knight
 20882 | Lair:1   | Identified the Tome of Earthen Confrontation
 21012 | Lair:1   | Killed a six-headed hydra
 21907 | Lair:2   | Noticed a five-headed hydra
 22786 | Lair:2   | Noticed a catoblepas
 22786 | Lair:2   | Noticed a dire elephant
 22809 | Lair:2   | Found a runed translucent door.
 22951 | Lair:2   | Noticed Gastronok
 23074 | Lair:2   | Killed Gastronok
 23943 | Lair:2   | Reached skill level 16 in Polearms
 24433 | Lair:2   | Killed a catoblepas
 24471 | Lair:2   | Killed a dire elephant
 24979 | Lair:3   | Found a staircase to the Snake Pit.
 25575 | Lair:3   | Reached XP level 13. HP: 105/118 MP: 16/16
 26957 | Lair:4   | Found a staircase to the Shoals.
 27151 | Lair:4   | You fall into a shaft and drop 2 floors!
 27151 | Lair:6   | Entered Level 6 of the Lair of Beasts
 27642 | Lair:5   | Found a staircase to the Slime Pits.
 27793 | Lair:4   | Reached skill level 17 in Polearms
 32272 | Lair:6   | Noticed a dire elephant
 32674 | Lair:6   | Reached XP level 14. HP: 129/129 MP: 17/17
 32710 | Lair:6   | Reached skill level 18 in Polearms
 33441 | Lair:6   | HP: 6/130 [death yak (5)]
 33837 | Lair:6   | Identified the +0 plate armour of Olated {Harm *Corrode
                  | rElec Dex+5}
 35180 | Orc:1    | Entered Level 1 of the Orcish Mines
 35180 | Orc:1    | Found Defaunimp's Book Emporium.
 35373 | Orc:2    | Entered Level 2 of the Orcish Mines
 35373 | Orc:2    | Found a staircase to the Elven Halls.
 35510 | Orc:2    | Found Vizok's Book Emporium.
 35711 | Orc:1    | Found Tilem's Armour Emporium.
 35711 | Orc:1    | Found Hiucraic's Magic Scroll Emporium.
 35717 | Orc:1    | Paralysed by an orc sorcerer for 5 turns
 35732 | Orc:1    | Paralysed by an orc sorcerer for 5 turns
 35736 | Orc:1    | Slain by an orc warrior

Illustrated notes

Levels and vault maps discovered:
D:1:      dpeg_arrival_concentric_ovals, layout_basic
D:2:      layout_loops_corners, kennysheep_ying_yang, minmay_misc_feat_square
D:3:      layout_rooms, bloody_trog, uniq_crazy_yiuf_cottage
D:4:      cheibrodos_fertilizer, layout_loops_ring, lemuel_crystal_altar,
          old_standard_altar, chequers_temple_overflow_minitemple,
          nicolae_overflow_hidden_temple, uniq_blork_the_orc
D:5:      layout_basic, minmay_manual_moon
D:6:      layout_rooms, minmay_temple_entry_nine_rooms, gammafunk_ghost_arena,
          serial_shops, shop
D:7:      cheibrodos_shockbox, layout_loops_ring, xom_confusion_cloud,
          nicolae_qazlal_eye_of_the_storm
D:8:      layout_rooms, nicolae_kikubaaqudgha_miasma_corner, lair_entry_dummy,
          uniq_pikel
D:9:      layout_basic, uniq_erolcha
D:10:     cheibrodos_statue_roulette, layout_loops_ring, basic_altar
D:11:     layout_irregular_city, orc_david_3, minmay_misc_feat_room, uniq_erica
D:12:     minmay_the_grid_triangle_9x9_rhombus_full
          [minmay_the_grid_triangle_9x9_limited_checkers,
          minmay_the_grid_triangle_9x9_cache,
          minmay_the_grid_triangle_9x9_sparse_checkered,
          minmay_the_grid_triangle_9x9_stretched_checkered,
          minmay_the_grid_triangle_9x9_steps,
          minmay_the_grid_triangle_9x9_negative_grid,
          minmay_the_grid_triangle_9x9_flanged_cone,
          minmay_the_grid_triangle_9x9_prize_center], layout_layer_cave,
          chequers_guarded_unrand_ignorance, uniq_sonja, uniq_fannar
D:13:     layout_big_octagon, ximxim_vaults_locker_room, uniq_rupert
Lair:1:   layout_roguey, serial_bayou_shore_a
Lair:2:   gammafunk_lair_enchanted_lake, layout_cave_pods, uniq_gastronok
Lair:3:   layout_small_grid, minmay_snake_entry_guardpost_small
Lair:4:   layout_hall_layers, elwin_shoals_entry_stream
Lair:5:   layout_layer_cave, slime_dummy
Lair:6:   hangedman_lair_in_review, layout_regular_city,
          hangedman_lair_caniforms_friends
Orc:1:    layout_caves, serial_shops, shop, shop, shop, shop
Orc:2:    st_orc_pillars, layout_caves, serial_shops, shop

Skill      XL: |  1  2  3  4  5  6  7  8  9 10 11 12 13 14 |
---------------+-------------------------------------------+-----
Polearms       | 3 4 5 6 7 9 11 13 14 16 17 18 | 18.7
Fighting       | 2 3 4 5 6 8 9 10 12 13 | 13.9
Throwing       | |  1.7
Dodging        | |  2.6

Action                   |  1- 3 |  4- 6 |  7- 9 | 10-12 | 13-15 || total
-------------------------+-------+-------+-------+-------+-------++-------
Melee: Trident           |   127 |   200 |   409 |   934 |   756 ||  2426
       Halberd           |       |       |       |    23 |   376 ||   399
Throw: Throwing net      |       |     5 |     3 |       |       ||     8
Evoke: Wand              |       |    22 |    19 |    41 |    25 ||   107
       Condenser vane    |       |       |     1 |     2 |     3 ||     6
       Box of beasts     |       |       |       |     2 |     2 ||     4
  Use: Potion            |     2 |       |     3 |     1 |     5 ||    11
       Scroll            |       |       |    11 |    18 |     8 ||    37
 Stab: Sleeping          |     3 |     2 |       |       |       ||     5
       Held in net/web   |       |     4 |     1 |       |       ||     5
       Confused          |       |       |       |     6 |     2 ||     8
       Petrified         |       |       |       |     1 |     2 ||     3
       Paralysed         |       |       |       |     6 |    13 ||    19
       Distracted        |       |       |       |       |     1 ||     1
Armor: Leather armour    |    35 |    50 |     5 |       |       ||    90
       Ring mail         |       |       |   125 |   325 |   498 ||   948
Dodge: Dodged            |    83 |   105 |   187 |   402 |  1024 ||  1801

Table legend: (Time is in decaauts)
 A = Elapsed time spent in this place.
 B = Non-inter-level travel time spent in this place.
 C = Inter-level travel time spent in this place.
 D = Time resting spent in this place.
 E = Time spent auto-exploring this place.
 F = Levels seen in this place.
 G = Mean time per level.
                   A        B        C        D        E       F      G
               +--------+--------+--------+--------+--------+-----+--------+
         Total |  35167 |  33793 |   1374 |  12213 |  16889 |  21 | 1674.6 |
       Dungeon |  20513 |  19717 |    796 |   7304 |   9489 |  13 | 1577.9 |
          Lair |  14144 |  13574 |    570 |   4902 |   7078 |   6 | 2357.3 |
  Orcish Mines |    509 |    501 |      8 |      7 |    322 |   2 |  254.5 |
               +--------+--------+--------+--------+--------+-----+--------+

Top non-repeatable levels by time:
    D:12: 3554 daAuts
  Lair:6: 3510 daAuts
  Lair:2: 3144 daAuts
    D:11: 2569 daAuts
  Lair:4: 2541 daAuts
  Lair:5: 2114 daAuts
     D:4: 1947 daAuts
     D:5: 1851 daAuts
     D:9: 1742 daAuts
     D:6: 1736 daAuts
    D:10: 1606 daAuts
     D:7: 1521 daAuts
  Lair:1: 1473 daAuts
     D:2: 1459 daAuts
  Lair:3: 1361 daAuts
